Map: New Repugnancy LE

Players

ShoWTimE

  • Race: Protoss Protoss
  • League: Grandmaster
  • Spawn Location: 7:00

DnS - Winner!

  • Race: Protoss Protoss
  • Spawn Location: 1:00

Event: 2019 WCS Winter Europe

VOD

Have the link to the VOD?

Description

Time

  • Played on: Feb. 16, 2019, 9:23 a.m.
  • Length: 13:25

All games in this series

Show
View Real Time Build Order
Export as new Build Order

ShoWTimE Protoss 

Build Orders: Phoenix Opening 

Get SALT Encoding   

  12  0:00  Probe  
  13  0:12  Probe  
  14  0:17  Pylon  
  14  0:24  Probe  
  15  0:32  Probe  
  15  0:37  Gateway  
  15  0:40  Probe  
  16  0:46  Assimilator  
  17  0:50  Probe  
  17  0:55  Assimilator  
  18  0:58  Probe  
  19  1:06  Probe  
  20  1:12  Gateway  
  20  1:17  Probe  
  20  1:24  Cybernetics Core  
  21  1:29  Probe  
  22  1:35  Pylon  
  22  1:41  Probe  
  22  1:44  Warp Gate  
  23  1:53  Probe  
  24  2:01  Stalker, Sentry  
  28  2:08  Pylon  
  28  2:09  Probe  
  29  2:25  Pylon  
  31  2:33  Stalker  
  31  2:34  Phoenix  
  31  2:37  Stalker  
  31  2:42  Gateway  
  33  3:05  Nexus  
  33  3:16  Pylon  
  33  3:34  Stalker x2  
  35  3:35  Stalker  
  35  3:38  Shield Battery  
  39  3:46  Shield Battery  
  39  3:59  Stalker  
  41  4:03  Stalker  
  43  4:10  Stalker  
  43  4:14  Probe  
  46  4:24  Stalker  
  46  4:25  Probe  
  46  4:26  Probe  
  48  4:38  Stalker, Probe  
  50  4:39  Probe  
  51  4:46  Probe  
  51  4:47  Probe  
  53  4:54  Probe  
  53  4:55  Probe  
  53  4:57  Sentry x2  
  59  5:06  Probe  
  60  5:07  Probe  
  60  5:09  Pylon  
  60  5:12  Phoenix  
  61  5:17  Forge  
  61  5:19  Probe  
  62  5:24  Pylon  
  62  5:27  Probe  
  63  5:31  Probe  
  63  5:33  Robotics Facility  
  64  5:41  Protoss Ground Weapons Level 1, Pylon  
  64  5:42  Probe  
  65  5:44  Shield Battery  
  65  5:46  Probe  
  66  5:54  Probe  
  67  5:58  Probe  
  67  6:01  Assimilator  
  68  6:05  Assimilator  
  68  6:06  Probe  
  68  6:07  Pylon  
  68  6:10  Probe  
  68  6:11  Immortal  
  70  6:18  Probe  
  70  6:20  Twilight Council  
  70  6:23  Phoenix  
  75  6:28  Adept x2  
  79  6:37  Pylon  
  79  6:41  Immortal  
  79  6:46  Gateway  
  77  6:47  Gateway  
  79  6:58  Charge  
  79  7:05  Gateway  
  79  7:07  Gateway  
  79  7:15  Protoss Ground Weapons Level 2  
  77  7:21  Warp Prism  
  77  7:28  Gateway  
  77  7:29  Gateway  
  77  7:41  Templar Archives  
  77  7:51  Zealot x5, Pylon  
  83  8:12  Immortal  
  83  8:14  Nexus  
  83  8:16  Pylon  
  87  8:35  High Templar x6  
  87  8:36  Zealot  
  87  8:40  Archon x3  
  87  8:41  Phoenix, Pylon  
  101  8:42  Warp Prism  
  99  8:51  Pylon  
  101  8:59  Adept  
  101  9:00  Adept  
  103  9:04  Pylon  
  103  9:14  High Templar x2  
  103  9:15  Zealot x2  
  111  9:18  Archon  
  111  9:22  Adept  
  110  9:39  Zealot x5  
  112  9:51  Pylon  
  112  9:54  High Templar x2  
  112  9:59  Archon  
  116  10:04  High Templar  
  118  10:07  Pylon  
  118  10:21  Nexus  
  118  10:23  Pylon  
  114  10:36  High Templar x3  
  114  10:39  Pylon  
  114  10:40  Archon  
  120  10:43  Archon  
  120  10:44  Zealot x4  
  128  10:58  Zealot  
  130  11:05  High Templar x2  
  130  11:06  Zealot x2  
  130  11:10  Archon  
  138  11:12  Zealot x2  
  142  11:18  Zealot x2  
  146  11:27  Pylon  
  146  11:31  High Templar x2  
  150  11:36  Zealot x2  
  150  11:39  Zealot  
  152  11:49  Zealot x2  
  154  11:54  Archon  
  154  12:00  Zealot x2  
  154  12:01  Zealot  
  152  12:06  Zealot x2  
  144  12:13  High Templar  
  144  12:14  High Templar  
  134  12:18  Archon  
  134  12:22  High Templar x2  
  138  12:23  Zealot  
  138  12:28  Zealot, Archon  
  138  12:29  Zealot  
  144  12:37  Pylon  
  144  12:45  High Templar x2  
  138  12:54  Zealot x6  
  150  12:59  Zealot  
  116  13:14  Zealot x6  
Show
View Real Time Build Order
Export as new Build Order

DnS Protoss - Winner!

Build Orders: Oracle Opening, Zealot Archon 

Get SALT Encoding   

  12  0:00  Probe  
  13  0:12  Probe  
  14  0:18  Pylon  
  14  0:24  Probe  
  15  0:32  Probe  
  15  0:37  Gateway  
  15  0:40  Probe  
  16  0:46  Assimilator  
  17  0:51  Probe  
  17  0:55  Assimilator  
  18  1:00  Probe  
  19  1:08  Probe, Gateway  
  19  1:17  Probe  
  20  1:25  Cybernetics Core  
  21  1:29  Probe  
  22  1:35  Pylon  
  22  1:41  Probe  
  23  1:53  Probe  
  24  2:00  Warp Gate  
  24  2:01  Adept x2  
  28  2:08  Pylon  
  28  2:19  Pylon  
  28  2:31  Stalker x2  
  32  2:38  Stargate  
  32  3:04  Nexus  
  32  3:06  Probe  
  32  3:12  Oracle  
  33  3:19  Probe  
  37  3:27  Pylon  
  37  3:31  Probe  
  38  3:43  Probe  
  39  3:50  Stalker x2  
  43  3:57  Probe  
  43  3:59  Twilight Council  
  43  4:14  Stalker x2  
  43  4:26  Blink  
  43  4:29  Probe  
  44  4:33  Stalker x2  
  48  4:43  Probe  
  49  4:46  Probe  
  50  4:56  Stalker x2  
  50  4:57  Probe  
  55  5:07  Probe  
  56  5:09  Probe  
  56  5:12  Robotics Facility  
  55  5:16  Probe  
  56  5:22  Probe  
  56  5:24  Probe  
  56  5:26  Pylon  
  58  5:33  Probe  
  58  5:34  Probe  
  59  5:36  Forge  
  59  5:41  Assimilator x2  
  60  5:48  Protoss Ground Weapons Level 1  
  60  5:51  Stalker x2, Probe x2  
  60  5:55  Pylon  
  66  6:01  Observer  
  66  6:03  Probe  
  68  6:07  Probe  
  68  6:10  Pylon  
  69  6:15  Probe  
  69  6:18  Sentry  
  72  6:20  Probe  
  72  6:22  Immortal  
  72  6:23  Gateway  
  72  6:24  Gateway  
  77  6:48  Gateway  
  77  6:51  Charge, Gateway  
  77  6:54  Templar Archives  
  77  6:58  Zealot x2  
  77  7:00  Pylon  
  81  7:19  Immortal  
  81  7:20  Protoss Ground Weapons Level 2  
  85  7:23  Gateway  
  85  7:25  Gateway  
  85  7:26  Pylon  
  85  7:32  High Templar, Pylon  
  85  7:33  High Templar  
  89  7:41  Archon  
  89  7:49  Nexus  
  89  7:52  Pylon  
  89  7:58  Zealot x2  
  91  8:08  Zealot x3  
  97  8:24  Zealot x2, High Templar x2  
  97  8:25  Zealot  
  107  8:28  Warp Prism  
  107  8:29  Archon  
  107  8:32  Pylon  
  107  8:35  Pylon  
  109  8:49  High Templar x2  
  109  8:53  Archon  
  113  8:58  Zealot x4  
  121  9:07  High Templar x2  
  125  9:13  Archon  
  125  9:23  Protoss Ground Weapons Level 3  
  125  9:25  Zealot x6  
  125  9:29  Pylon  
  137  9:35  Phoenix  
  128  9:51  High Templar x2  
  128  9:52  Zealot x6  
  140  9:56  Archon  
  140  10:13  Stalker x2, Zealot x2  
  146  10:20  Probe x3  
  144  10:25  Zealot  
  145  10:32  Probe x3  
  145  10:38  High Templar x2  
  145  10:42  Pylon, Archon  
  149  10:44  Probe x2  
  149  10:47  Pylon  
  149  10:48  Probe  
  152  11:01  Probe x2  
  152  11:03  Probe  
  155  11:06  Photon Cannon  
  155  11:22  Pylon  
  155  11:36  Zealot  
  155  11:37  Zealot x7  
  151  12:02  Zealot x4  
  151  12:03  Zealot x4  
  149  12:22  Immortal  
  153  12:23  High Templar  
  153  12:24  High Templar x5  
  153  12:27  High Templar x2  
  153  12:28  Archon x3  
  169  12:31  Assimilator  
  169  12:32  Assimilator  
  169  12:33  Pylon  
  169  12:34  Archon  
  169  12:38  Photon Cannon  
  169  12:56  Zealot x5  
  169  12:57  Zealot  
  179  13:00  Zealot  
  179  13:01  Zealot  
Tags
 
Add a new tag
Caveats
  • Supply blocks, unpowered buildings, or Contaminate may cause inaccurate times.
  • Supply counts are checked every 10 seconds.